 Dungeon Crawl Stone Soup version 0.32-a0-468-g38b2580584 (webtiles) character file.

Game seed: 10554749677959485620

55 mopl the Shooter (level 3, 0/30 HPs)
             Began as a Hill Orc Hunter on Feb 12, 2024.
             Slain by Robin
             ... wielding a +0 dagger
              (4 damage)
             ... on level 2 of the Dungeon on Feb 24, 2024.
             The game lasted 00:01:58 (753 turns).

mopl the Shooter (Hill Orc Hunter)                   Turns: 753, Time: 00:01:59

Health: 0/30       AC:  6    Str: 15    XL:     3   Next: 93%
Magic:  3/3        EV:  9    Int:  9    God:
Gold:   84         SH:  0    Dex: 14    Spells: 2/2 levels left

rFire   . . .        a - +0 shortbow
rCold   . . .        (shield currently unavailable)
rNeg    . . .        i - +0 scale mail
rPois   .            (no helmet)
rElec   .            (no cloak)
rCorr   .            (no gloves)
SInv    .            (no boots)
Will    .....        (no amulet) Stlth
                     (no ring)
HPRegen 0.25/turn    (no ring)
MPRegen 0.08/turn

%: no passive effects
@: no status effects
A: no striking features
a: no special abilities


You were on level 2 of the Dungeon.
You visited 1 branch of the dungeon, and saw 2 of its levels.

You collected 84 gold pieces.

Inventory:

Hand Weapons
 a - a +0 shortbow (weapon)
Missiles
 d - 2 boomerangs
Armour
 i - a +0 scale mail (worn)
Scrolls
 b - a scroll of butterflies
 c - a scroll of blinking {unknown}
 e - a scroll of identify {unknown}
 h - a scroll of amnesia {unknown}
 j - a scroll of torment {unknown}
 k - a scroll of fear {unknown}
Potions
 f - a potion of curing {unknown}
 g - a potion of brilliance {unknown}


   Skills:
 - Level 2.4 Fighting
 + Level 4.9 Ranged Weapons
 - Level 1.5 Dodging
 - Level 0.7 Stealth


You had 2 spell levels left.
You didn't know any spells.
Your spell library was empty.

Dungeon Overview and Level Annotations

Branches:
Dungeon (2/15)

Altars:

Annotations:
D:2 Robin


Message History

The ribbon worm expels a string of sticky webbing.
The stream of webbing hits you but does no damage.
You are caught in a web!
The hobgoblin hits you but does no damage.
The web tears apart.
Robin barely misses you. The ribbon worm barely misses you.
The hobgoblin hits you but does no damage.
Robin attacks as they pursue you! Robin hits you but does no damage.
Things that are here:
a +0 club; a +0 sling You see here a +0 club.
The hobgoblin attacks as it pursues you!
The hobgoblin hits you.
* * * LOW HITPOINT WARNING * * *
Robin says, "Kneel, worm!"
Unknown command.
Unknown command.
Fire: a) +0 shortbow
Press: ? - help, Shift-Dir - straight line, f - hobgoblin
Aim: a hobgoblin (strong, 62% to hit)
You shoot an arrow. The arrow hits the hobgoblin.
The hobgoblin is severely wounded.
The hobgoblin hits you.
* * * LOW HITPOINT WARNING * * *
You shoot an arrow. The arrow hits the hobgoblin!
You kill the hobgoblin!
Robin hits you with a +0 dagger.
* * * LOW HITPOINT WARNING * * *
You shoot an arrow. The arrow hits Robin.
Robin is moderately wounded.
Robin hits you but does no damage.
You shoot an arrow. The arrow hits Robin!
Robin is severely wounded.
Robin hits you but does no damage.
You shoot an arrow. The arrow closely misses Robin.
The arrow hits the ribbon worm!
The ribbon worm is heavily wounded.
Robin hits you with a +0 dagger.
You die...
Robin lets out a smug laugh.

#.....#.#
#..........#.# ##
#.....#.# #..........#
# #######.#
######.......#
#w###.w..........#
#.#.....#........# ###
#.'.....#........#
....###.....#....#####
.....###...###†...#
..........)@gw)...#
.........#########
###.......# .........#
##.#.....####
#...........#
#..........[#
...#.........#
###..<###...#


You could see a ribbon worm and Robin.

Vanquished Creatures
  An adder (D:2)
  3 ball pythons
  4 endoplasms (D:1)
  3 giant cockroaches (D:1)
  8 goblins
  10 hobgoblins
  2 jackals (D:1)
  4 bats
  A frilled lizard (D:1)
  A kobold (D:1)
37 creatures vanquished.

Notes
Turn   | Place    | Note
-------+----------+-------------------------------------------
     0 | D:1      | mopl the Hill Orc Hunter began the quest for the Orb.
     0 | D:1      | Reached XP level 1. HP: 18/18 MP: 1/1
    44 | D:1      | Found a faded altar of an unknown god.
    76 | D:1      | Reached skill level 4 in Ranged Weapons
    76 | D:1      | Reached XP level 2. HP: 13/25 MP: 2/2
    78 | D:1      | Upgraded the game from 0.32-a0-171-g4625e66871 to
                  | 0.32-a0-468-g38b2580584
   306 | D:1      | Reached XP level 3. HP: 30/30 MP: 3/3
   531 | D:2      | Noticed Robin
   753 | D:2      | Slain by Robin

Illustrated notes

Levels and vault maps discovered:
D:1:      ldierk_walled_garden_2, layout_rooms,
          hellmonk_ecumenical_altar_zigzags
D:2:      layout_basic, uniq_robin

Skill      XL: |  1 |
---------------+----+-----
Ranged Weapons | 4 |  4.9
Fighting       | |  2.4
Dodging        | |  1.5
Stealth        | |  0.7

Action                     || total
---------------------------++-------
   Fire: Shortbow          ||   139
 Armour: Leather armour    ||     8
         Scale mail        ||    62
  Dodge: Dodged            ||    50

Table legend: (Time is in decaauts)
 A = Elapsed time spent in this place.
 B = Non-inter-level travel time spent in this place.
 C = Inter-level travel time spent in this place.
 D = Time resting spent in this place.
 E = Time spent auto-exploring this place.
 F = Levels seen in this place.
 G = Mean time per level.
                   A        B        C        D        E       F      G
               +--------+--------+--------+--------+--------+-----+--------+
         Total |    795 |    747 |     48 |     59 |    385 |   2 |  397.5 |
       Dungeon |    795 |    747 |     48 |     59 |    385 |   2 |  397.5 |
               +--------+--------+--------+--------+--------+-----+--------+

Top non-repeatable levels by time:
     D:1: 585 daAuts
     D:2: 210 daAuts
